Demolitions vs Monarchs
(R1)
Created - 19 avril 2015 at 22:31
Goals
|
Demolitions |
3 |
0 |
0 |
3 |
Monarchs |
2 |
1 |
1 |
4 |
|
Shots
|
Demolitions |
14 |
12 |
8 |
34 |
Monarchs |
11 |
12 |
5 |
28 |
|
1st period
1. Monarchs , Peter Schaefer 5 (Brandon Dubinsky, Andrew MacDonald) at 5:56 (PP)
2. Monarchs , Tyler Kennedy 4 (Peter Schaefer, Jordan Nolan) at 10:23
3. Demolitions , Anthony Stewart 4 (T.J. Hensick) at 13:12
4. Demolitions , Bobby Butler 2 (T.J. Hensick) at 16:22
5. Demolitions , Anthony Stewart 5 (T.J. Hensick, Doug Janik) at 17:28 (PP)
Penalties :
Andrew Campbell (Vic) for High sticking (Minor) at 4:00, Andrew MacDonald (MAN) for Interference (Minor) at 16:25
2nd period
6. Monarchs , Richard Park 1 (Brandon Dubinsky) at 5:05
Penalties :
Anthony Stewart (Vic) for Tripping (Minor) at 16:00, Anton Babchuk (Vic) for Holding (Minor) at 19:45
3rd period
7. Monarchs , Brock Trotter 3 (Richard Park, Brandon Dubinsky) at 5:09
Penalties :
Nicolas Blanchard (Vic) for High sticking (Minor) at 7:36, Anthony Stewart (Vic) for Holding (Minor) at 10:22, Oliver Ekman-Larsson (MAN) for Holding (Minor) at 14:07, Chris Wideman (Vic) for Tripping (Minor) at 17:24, Seth Helgeson (Vic) for Goalie Interference (Minor) at 19:42
Goalie Stats
Chad Johnson (Vic), 24 saves from 28 shots - (0,857), L, 0-3-0, 59:50 minutes
Richard Bachman (MAN), 31 saves from 34 shots - (0,912), W, 2-0-0, 60:00 minutes
Players Stats for Demolitions
Player Name G A P +/- PIM S H SB GA TA FO MP PP MP PK MP
------------------------------------------------------------------------------------
Andrew Campbell 0 0 0 0 2 0 0 0 0 0 0/0 8:47 0:00 0:00
Anssi Salmela 0 0 0 1 0 0 0 0 0 0 0/0 18:25 1:00 5:07
Anthony Stewart 2 0 2 0 4 5 1 2 1 2 4/7 21:55 2:10 4:44
Anton Babchuk 0 0 0 -1 2 1 1 1 0 1 0/0 25:42 2:02 5:58
Bobby Butler 1 0 1 0 0 2 2 0 2 0 0/0 16:56 2:10 0:00
Brad Richardson 0 0 0 0 0 3 0 0 2 0 0/1 20:53 0:52 6:56
Chris Wideman 0 0 0 -1 2 0 0 0 0 1 0/0 6:45 0:00 0:00
Corban Knight 0 0 0 0 0 0 0 0 0 0 1/1 2:03 0:00 1:41
Darren Helm 0 0 0 0 0 2 0 0 0 0 3/5 10:22 0:00 0:12
Doug Janik 0 1 1 -1 0 0 3 0 0 2 0/0 26:02 2:02 7:01
Jordan LaVallee 0 0 0 0 0 4 1 0 0 0 0/1 16:14 0:52 1:58
Josh Beaulieu 0 0 0 0 0 0 0 0 0 0 0/0 0:15 0:00 0:13
Konstantin Pushkarev 0 0 0 0 0 1 0 0 0 0 1/2 12:01 0:00 2:30
Masi Marjamaki 0 0 0 0 0 0 0 0 0 0 0/0 0:00 0:00 0:00
Nicolas Blanchard 0 0 0 -1 2 2 0 0 0 0 0/0 6:15 0:00 0:00
Peter Harrold 0 0 0 1 0 1 0 2 0 1 0/0 18:25 1:00 5:07
Petr Vrana 0 0 0 0 0 3 0 0 0 0 0/0 9:52 0:00 0:00
Robert Bortuzzo 0 0 0 -1 0 0 0 0 0 0 0/0 6:45 0:00 0:00
Robert Klinkhammer 0 0 0 -1 0 0 0 0 0 0 0/0 6:08 0:00 0:00
Samuel Pahlsson 0 0 0 0 0 3 3 0 0 0 8/8 17:32 0:52 3:01
Seth Helgeson 0 0 0 0 2 0 0 1 0 0 0/0 9:50 0:00 1:03
Spencer Machacek 0 0 0 -1 0 2 2 0 0 0 0/0 6:08 0:00 0:00
T.J. Hensick 0 3 3 0 0 5 4 0 0 2 18/32 20:30 2:10 3:01
Vince Rocco 0 0 0 0 0 0 0 0 0 0 0/0 0:00 0:00 0:00
Players Stats for Monarchs
Player Name G A P +/- PIM S H SB GA TA FO MP PP MP PK MP
------------------------------------------------------------------------------------
Andrew MacDonald 0 1 1 0 2 0 3 0 0 1 0/0 24:41 7:23 0:44
Boyd Gordon 0 0 0 0 0 0 1 0 1 0 1/4 11:14 0:26 1:31
Brandon Dubinsky 0 3 3 1 0 4 0 0 0 1 10/19 20:03 6:58 0:00
Brock Trotter 1 0 1 1 0 3 2 1 2 0 0/0 19:14 5:10 0:42
Dana Tyrell 0 0 0 0 0 0 0 0 0 0 0/0 0:00 0:00 0:00
Eric Wellwood 0 0 0 0 0 0 0 0 0 0 0/0 7:43 0:00 0:00
Jay Beagle 0 0 0 0 0 2 0 0 1 0 0/0 9:14 0:00 1:31
Jeff Petry 0 0 0 1 0 0 1 0 0 0 0/0 9:52 0:25 0:20
Jordan Nolan 0 1 1 0 0 0 2 0 0 0 10/27 19:36 5:10 0:15
Jordie Benn 0 0 0 1 0 0 0 0 0 0 0/0 9:29 0:00 0:49
Marc Methot 0 0 0 0 0 0 4 4 1 2 0/0 25:26 4:20 2:13
Matt Martin 0 0 0 0 0 1 1 0 0 0 0/0 9:48 0:00 0:27
Oliver Ekman-Larsson 0 0 0 0 2 3 3 1 0 0 0/0 24:38 7:02 0:00
Peter Schaefer 1 1 2 0 0 3 3 1 3 0 0/1 21:45 6:32 0:49
Richard Park 1 1 2 1 0 4 3 0 1 0 0/0 15:01 0:00 0:49
Roman Josi 0 0 0 0 0 1 1 0 0 0 0/0 8:26 0:31 0:00
Travis Hamonic 0 0 0 0 0 1 1 1 0 1 0/0 18:13 4:35 1:58
Tyler Kennedy 1 0 1 0 0 4 2 0 0 0 0/1 19:02 5:10 0:00
Zac Rinaldo 0 0 0 0 0 0 1 0 0 0 1/4 7:43 0:00 0:00
Zack Kassian 0 0 0 0 0 2 4 0 0 0 0/1 15:48 6:58 0:00
3 Stars
1 - Richard Park (MAN)
2 - T.J. Hensick (Vic)
3 - Peter Schaefer (MAN)
Power Play
Demolitions - 1 on 2 Attempt(s) - 50,00%
Monarchs - 1 on 7 Attempt(s) - 14,29%
Penalty Kill
Demolitions - 6 on 7 Attempt(s) - 85,71%
- Score 0 goal in Penalty Kill
Monarchs - 1 on 2 Attempt(s) - 50,00%
- Score 0 goal in Penalty Kill
Team Stat
Demolitions - Hits : 17 - Faceoff Wins : 35 - Blocked Shots : 6 - Penalty Minutes : 14
Monarchs - Hits : 32 - Faceoff Wins : 22 - Blocked Shots : 8 - Penalty Minutes : 4
Official
Referees : StLaurent Francois and McCreary Bill
Linesman : Derek Nansen and Brian Murphy
Game Notes
No Game Note
Finance
Level 1 -- Attendance: 1665 (83,25%) -- Ticket Income 58 275 $
Level 2 -- Attendance: 846 (84,60%) -- Ticket Income 12 690 $
Total Attendance: 2511 (83,70%)
Total Ticket Income: 70 965 $
Other Income: 3 548 $
Total Income: 74 513 $
Demolitions
5 vs 5 Forward
Center Left Wing Right Wing Time % Phy DF OF
1 T.J. Hensick Bobby Butler Anthony Stewart 40 1 2 2
2 Samuel Pahlsson Jordan LaVallee Brad Richardson 30 1 2 2
3 Darren Helm Petr Vrana Konstantin Pushkarev 20 1 2 2
4 Nicolas Blanchard Robert Klinkhammer Spencer Machacek 10 1 2 2
5 vs 5 Defense
Defense Defense Time % Phy DF OF
1 Doug Janik Anton Babchuk 40 1 2 2
2 Peter Harrold Anssi Salmela 30 1 2 2
3 Andrew Campbell Seth Helgeson 20 1 2 2
4 Robert Bortuzzo Chris Wideman 10 1 2 2
PowerPlay Forward
Center Left Wing Right Wing Time % Phy DF OF
1 T.J. Hensick Bobby Butler Anthony Stewart 60 1 2 2
2 Samuel Pahlsson Jordan LaVallee Brad Richardson 40 1 2 2
PowerPlay Defense
Defense Defense Time % Phy DF OF
1 Doug Janik Anton Babchuk 60 1 2 2
2 Peter Harrold Anssi Salmela 40 1 2 2
Penalty Kill 4 Players Forward
Center Wing Time % Phy DF OF
1 Anthony Stewart Brad Richardson 60 1 2 2
2 T.J. Hensick Samuel Pahlsson 40 1 2 2
Penalty Kill 4 Players Defense
Defense Defense Time % Phy DF OF
1 Doug Janik Anton Babchuk 60 1 2 2
2 Peter Harrold Anssi Salmela 40 1 2 2
Penalty Kill - 3 Players Forward
Forward Time % Phy DF OF
1 Anthony Stewart 60 1 2 2
2 Brad Richardson 40 1 2 2
Penalty Kill - 3 Players Defense
Defense Defense Time % Phy DF OF
1 Doug Janik Anton Babchuk 60 1 2 2
2 Peter Harrold Anssi Salmela 40 1 2 2
4 vs 4 Forward
Center Wing Time % Phy DF OF
1 Anthony Stewart Brad Richardson 60 1 2 2
2 T.J. Hensick Samuel Pahlsson 40 1 2 2
4 vs 4 Defense
Defense Defense Time % Phy DF OF
1 Doug Janik Anton Babchuk 60 1 2 2
2 Peter Harrold Anssi Salmela 40 1 2 2
Last Minutes Offensive
Center Left Wing Right Wing Defense Defense
T.J. Hensick Bobby Butler Anthony Stewart Doug Janik Anton Babchuk
Last Minutes Defensive
Center Left Wing Right Wing Defense Defense
T.J. Hensick Bobby Butler Anthony Stewart Doug Janik Anton Babchuk
Goaltenders
Starting : Chad Johnson
Backup : Jeff Frazee
Extra Forwards
Normal : Darren Helm, Petr Vrana, Konstantin Pushkarev - PP : Darren Helm, Petr Vrana - PK : Konstantin Pushkarev
Extra Defensemen
Normal : Andrew Campbell, Seth Helgeson, Robert Bortuzzo - PP : Andrew Campbell - PK : Seth Helgeson, Robert Bortuzzo
Penalty Shots
Anthony Stewart, Brad Richardson, T.J. Hensick, Samuel Pahlsson, Bobby Butler
Monarchs
5 vs 5 Forward
Center Left Wing Right Wing Time % Phy DF OF
1 Jordan Nolan Peter Schaefer Tyler Kennedy 40 1 2 2
2 Brandon Dubinsky Brock Trotter Richard Park 35 1 2 2
3 Boyd Gordon Matt Martin Zack Kassian 20 2 2 1
4 Zac Rinaldo Eric Wellwood Jay Beagle 5 2 3 0
5 vs 5 Defense
Defense Defense Time % Phy DF OF
1 Andrew MacDonald Oliver Ekman-Larsson 40 0 3 2
2 Marc Methot Travis Hamonic 30 0 3 2
3 Marc Methot Roman Josi 25 0 3 2
4 Jordie Benn Jeff Petry 5 0 4 1
PowerPlay Forward
Center Left Wing Right Wing Time % Phy DF OF
1 Brandon Dubinsky Peter Schaefer Zack Kassian 60 0 1 4
2 Jordan Nolan Brock Trotter Tyler Kennedy 40 0 1 4
PowerPlay Defense
Defense Defense Time % Phy DF OF
1 Andrew MacDonald Oliver Ekman-Larsson 60 0 2 3
2 Marc Methot Travis Hamonic 40 0 2 3
Penalty Kill 4 Players Forward
Center Wing Time % Phy DF OF
1 Boyd Gordon Jay Beagle 60 0 4 1
2 Peter Schaefer Richard Park 40 0 4 1
Penalty Kill 4 Players Defense
Defense Defense Time % Phy DF OF
1 Marc Methot Travis Hamonic 60 1 4 0
2 Oliver Ekman-Larsson Andrew MacDonald 40 1 4 0
Penalty Kill - 3 Players Forward
Forward Time % Phy DF OF
1 Boyd Gordon 60 1 2 2
2 Peter Schaefer 40 1 2 2
Penalty Kill - 3 Players Defense
Defense Defense Time % Phy DF OF
1 Marc Methot Travis Hamonic 60 1 2 2
2 Oliver Ekman-Larsson Andrew MacDonald 40 1 2 2
4 vs 4 Forward
Center Wing Time % Phy DF OF
1 Brandon Dubinsky Peter Schaefer 60 1 2 2
2 Jordan Nolan Richard Park 40 1 2 2
4 vs 4 Defense
Defense Defense Time % Phy DF OF
1 Marc Methot Travis Hamonic 60 1 2 2
2 Oliver Ekman-Larsson Andrew MacDonald 40 1 2 2
Last Minutes Offensive
Center Left Wing Right Wing Defense Defense
Brandon Dubinsky Peter Schaefer Tyler Kennedy Andrew MacDonald Oliver Ekman-Larsson
Last Minutes Defensive
Center Left Wing Right Wing Defense Defense
Jordan Nolan Peter Schaefer Richard Park Andrew MacDonald Travis Hamonic
Goaltenders
Starting : Richard Bachman
Backup : James Reimer
Extra Forwards
Normal : Boyd Gordon, Brock Trotter, Matt Martin - PP : Boyd Gordon, Matt Martin - PK : Matt Martin
Extra Defensemen
Normal : Andrew MacDonald, Oliver Ekman-Larsson, Travis Hamonic - PP : Roman Josi - PK : Marc Methot, Jordie Benn
Penalty Shots
Brandon Dubinsky, Peter Schaefer, Jordan Nolan, Richard Park, Boyd Gordon
% Time on Ice - Demolitions
Lines # - Real PCT - Wanted PCT - Time Play
Normal Forward
1 - 33% - 40% - 14:53
2 - 32% - 30% - 14:12
3 - 21% - 20% - 9:19
4 - 14% - 10% - 6:08
Normal Defense
1 - 38% - 40% - 16:59
2 - 28% - 30% - 12:18
3 - 19% - 20% - 8:30
4 - 15% - 10% - 6:45
PP Forward
1 - 71% - 60% - 2:10
2 - 29% - 40% - 0:52
PP Defense
1 - 67% - 60% - 2:02
2 - 33% - 40% - 1:00
PK Forward
1 - 75% - 60% - 9:07
2 - 25% - 40% - 3:01
PK Defense
1 - 58% - 60% - 7:01
2 - 42% - 40% - 5:07
PK3 Forward
1 - 0% - 60%
2 - 0% - 40%
PK3 Defense
1 - 0% - 60%
2 - 0% - 40%
44 Forward
1 - 0% - 60%
2 - 0% - 40%
44 Defense
1 - 0% - 60%
2 - 0% - 40%
Last Minute Offensive - 0:18
Last Minute Defensive - 0:00
Total
Forward - 60:00
Defense - 60:00
|
% Time on Ice - Monarchs
Lines # - Real PCT - Wanted PCT - Time Play
Normal Forward
1 - 31% - 40% - 13:55
2 - 32% - 35% - 14:09
3 - 20% - 20% - 8:44
4 - 17% - 5% - 7:43
Normal Defense
1 - 40% - 40% - 17:43
2 - 23% - 30% - 10:21
3 - 17% - 25% - 7:47
4 - 19% - 5% - 8:40
PP Forward
1 - 57% - 60% - 6:58
2 - 43% - 40% - 5:10
PP Defense
1 - 62% - 60% - 7:33
2 - 38% - 40% - 4:35
PK Forward
1 - 73% - 60% - 2:13
2 - 27% - 40% - 0:49
PK Defense
1 - 65% - 60% - 1:58
2 - 35% - 40% - 1:04
PK3 Forward
1 - 0% - 60%
2 - 0% - 40%
PK3 Defense
1 - 0% - 60%
2 - 0% - 40%
44 Forward
1 - 0% - 60%
2 - 0% - 40%
44 Defense
1 - 0% - 60%
2 - 0% - 40%
Last Minute Offensive - 0:00
Last Minute Defensive - 0:19
Total
Forward - 60:00
Defense - 60:00
|
Play by Play
1st period
0:01 of 1st period - T.J. Hensick wins face-off versus Jordan Nolan in neutral zone.
0:32 of 1st period - Snap shot by Richard Park.
0:32 of 1st period - Shot Misses the Net.
2:14 of 1st period - Snap shot by Darren Helm.
2:14 of 1st period - Deflect By Boyd Gordon.
2:14 of 1st period - Stopped by Richard Bachman with a rebound.
2:50 of 1st period - Wrist shot by Nicolas Blanchard.
2:50 of 1st period - Shot Misses the Net.
3:24 of 1st period - Snap shot by Boyd Gordon.
3:24 of 1st period - Deflect By Matt Martin.
3:24 of 1st period - Stopped by Chad Johnson with a rebound.
3:26 of 1st period - Slapshot by Roman Josi.
3:26 of 1st period - Deflect By Petr Vrana.
3:26 of 1st period - Stopped by Chad Johnson with a rebound.
3:28 of 1st period - Slapshot by Roman Josi.
3:28 of 1st period - Shot Blocked by Seth Helgeson.
3:30 of 1st period - Slapshot by Marc Methot.
3:30 of 1st period - Shot Misses the Net.
4:00 of 1st period - Minor Penalty to Andrew Campbell for High sticking.
4:01 of 1st period - Anthony Stewart wins face-off versus Brandon Dubinsky in Demolitions zone.
4:44 of 1st period - Anssi Salmela is hit by Tyler Kennedy and loses puck.
4:57 of 1st period - Snap shot by T.J. Hensick.
4:57 of 1st period - Stopped by Richard Bachman with a rebound.
5:03 of 1st period - Marc Methot is hit by T.J. Hensick and loses puck.
5:42 of 1st period - Snap shot by Brandon Dubinsky.
5:42 of 1st period - Shot Misses the Net.
5:44 of 1st period - Slapshot by Brandon Dubinsky.
5:44 of 1st period - Stopped by Chad Johnson with a rebound.
5:56 of 1st period - Snap shot by Brandon Dubinsky.
5:56 of 1st period - Deflect By Peter Schaefer.
5:56 of 1st period - Goal by Peter Schaefer - Demolitions : 0 - Monarchs : 1.
5:57 of 1st period - T.J. Hensick wins face-off versus Zac Rinaldo in neutral zone.
6:24 of 1st period - Boyd Gordon is hit by Samuel Pahlsson and loses puck.
6:56 of 1st period - Slapshot by Spencer Machacek.
6:56 of 1st period - Stopped by Richard Bachman without a rebound.
6:57 of 1st period - T.J. Hensick wins face-off versus Brandon Dubinsky in Monarchs zone.
7:00 of 1st period - Wrist shot by Bobby Butler.
7:00 of 1st period - Stopped by Richard Bachman with a rebound.
7:02 of 1st period - Slapshot by Anton Babchuk.
7:02 of 1st period - Stopped by Richard Bachman with a rebound.
7:04 of 1st period - Snap shot by Bobby Butler.
7:04 of 1st period - Shot Blocked by Brock Trotter.
7:49 of 1st period - Wrist shot by Zack Kassian.
7:49 of 1st period - Stopped by Chad Johnson with a rebound.
8:09 of 1st period - Robert Klinkhammer is hit by Roman Josi and loses puck.
8:34 of 1st period - Snap shot by T.J. Hensick.
8:34 of 1st period - Shot Misses the Net.
9:16 of 1st period - Snap shot by Zack Kassian.
9:16 of 1st period - Stopped by Chad Johnson with a rebound.
9:26 of 1st period - Robert Klinkhammer is hit by Zac Rinaldo and loses puck.
9:33 of 1st period - Jordie Benn is hit by Spencer Machacek and loses puck.
10:11 of 1st period - Backhand shot by Konstantin Pushkarev.
10:11 of 1st period - Stopped by Richard Bachman without a rebound.
10:12 of 1st period - Jordan Nolan wins face-off versus T.J. Hensick in Monarchs zone.
10:23 of 1st period - Slapshot by Tyler Kennedy.
10:23 of 1st period - Goal by Tyler Kennedy - Demolitions : 0 - Monarchs : 2.
10:24 of 1st period - T.J. Hensick wins face-off versus Tyler Kennedy in neutral zone.
10:26 of 1st period - Off-side.
10:27 of 1st period - Jordan Nolan wins face-off versus T.J. Hensick in neutral zone.
10:32 of 1st period - Tyler Kennedy is hit by T.J. Hensick and loses puck.
10:37 of 1st period - Snap shot by Anthony Stewart.
10:37 of 1st period - Stopped by Richard Bachman with a rebound.
10:39 of 1st period - Wrist shot by Anthony Stewart.
10:39 of 1st period - Stopped by Richard Bachman without a rebound.
10:40 of 1st period - Jordan Nolan wins face-off versus T.J. Hensick in Monarchs zone.
11:16 of 1st period - Snap shot by Brandon Dubinsky.
11:16 of 1st period - Deflect By Brock Trotter.
11:16 of 1st period - Stopped by Chad Johnson with a rebound.
11:30 of 1st period - Slapshot by Boyd Gordon.
11:30 of 1st period - Shot Misses the Net.
11:32 of 1st period - Snap shot by Zack Kassian.
11:32 of 1st period - Shot Misses the Net.
11:53 of 1st period - Off-side.
11:54 of 1st period - T.J. Hensick wins face-off versus Jordan Nolan in neutral zone.
12:19 of 1st period - Jordan LaVallee is hit by Richard Park and loses puck.
12:28 of 1st period - Wrist shot by Brad Richardson.
12:28 of 1st period - Shot Blocked by Travis Hamonic.
12:35 of 1st period - Icing by Travis Hamonic.
12:36 of 1st period - Darren Helm wins face-off versus Boyd Gordon in Monarchs zone.
13:01 of 1st period - Travis Hamonic is hit by Jordan LaVallee and loses puck.
13:06 of 1st period - Wrist shot by Samuel Pahlsson.
13:06 of 1st period - Stopped by Richard Bachman with a rebound.
13:08 of 1st period - Snap shot by Samuel Pahlsson.
13:08 of 1st period - Stopped by Richard Bachman with a rebound.
13:10 of 1st period - Slapshot by Samuel Pahlsson.
13:10 of 1st period - Deflect By Jordan LaVallee.
13:10 of 1st period - Shot Blocked by Marc Methot.
13:10 of 1st period - Puck is out of play.
13:11 of 1st period - T.J. Hensick wins face-off versus Jordan Nolan in Monarchs zone.
13:12 of 1st period - Wrist shot by Anthony Stewart.
13:12 of 1st period - Goal by Anthony Stewart - Demolitions : 1 - Monarchs : 2.
13:13 of 1st period - Brandon Dubinsky wins face-off versus T.J. Hensick in neutral zone.
13:16 of 1st period - Peter Harrold is hit by Richard Park and loses puck.
13:29 of 1st period - Snap shot by Brandon Dubinsky.
13:29 of 1st period - Shot Blocked by Anthony Stewart.
13:39 of 1st period - T.J. Hensick is hit by Boyd Gordon and loses puck.
13:48 of 1st period - Slapshot by Boyd Gordon.
13:48 of 1st period - Shot Misses the Net.
14:02 of 1st period - Snap shot by Bobby Butler.
14:02 of 1st period - Shot Blocked by Peter Schaefer.
14:26 of 1st period - Wrist shot by Brock Trotter.
14:26 of 1st period - Shot Blocked by Peter Harrold.
14:28 of 1st period - Wrist shot by Richard Park.
14:28 of 1st period - Stopped by Chad Johnson without a rebound.
14:29 of 1st period - Jordan Nolan wins face-off versus Jordan LaVallee in Demolitions zone.
14:30 of 1st period - Slapshot by Peter Schaefer.
14:30 of 1st period - Deflect By Tyler Kennedy.
14:30 of 1st period - Shot Misses the Net.
14:30 of 1st period - Puck is out of play.
14:31 of 1st period - Samuel Pahlsson wins face-off versus Peter Schaefer in Demolitions zone.
15:08 of 1st period - Wrist shot by Brock Trotter.
15:08 of 1st period - Shot Misses the Net.
15:20 of 1st period - Wrist shot by Jay Beagle.
15:20 of 1st period - Stopped by Chad Johnson without a rebound.
15:21 of 1st period - T.J. Hensick wins face-off versus Zac Rinaldo in Demolitions zone.
15:21 of 1st period - T.J. Hensick is hit by Oliver Ekman-Larsson.
15:48 of 1st period - Tyler Kennedy is hit by Samuel Pahlsson and loses puck.
16:13 of 1st period - Slapshot by Peter Harrold.
16:13 of 1st period - Deflect By Spencer Machacek.
16:13 of 1st period - Stopped by Richard Bachman with a rebound.
16:15 of 1st period - Slapshot by Anssi Salmela.
16:15 of 1st period - Deflect By Robert Klinkhammer.
16:15 of 1st period - Shot Misses the Net.
16:15 of 1st period - Puck is out of play.
16:16 of 1st period - Brandon Dubinsky wins face-off versus T.J. Hensick in Monarchs zone.
16:16 of 1st period - Brandon Dubinsky is hit by T.J. Hensick.
16:22 of 1st period - Snap shot by Bobby Butler.
16:22 of 1st period - Goal by Bobby Butler - Demolitions : 2 - Monarchs : 2.
16:23 of 1st period - Jordan Nolan wins face-off versus T.J. Hensick in neutral zone.
16:25 of 1st period - Minor Penalty to Andrew MacDonald for Interference.
16:26 of 1st period - T.J. Hensick wins face-off versus Boyd Gordon in Monarchs zone.
17:28 of 1st period - Wrist shot by Anthony Stewart.
17:28 of 1st period - Goal by Anthony Stewart - Demolitions : 3 - Monarchs : 2.
17:29 of 1st period - Samuel Pahlsson wins face-off versus Jordan Nolan in neutral zone.
17:44 of 1st period - Wrist shot by Jordan LaVallee.
17:44 of 1st period - Shot Misses the Net.
18:45 of 1st period - Anton Babchuk is hit by Peter Schaefer and loses puck.
18:54 of 1st period - Wrist shot by Tyler Kennedy.
18:54 of 1st period - Stopped by Chad Johnson with a rebound.
19:50 of 1st period - Jeff Petry is hit by Spencer Machacek and loses puck.
Goals for this period are 3 for Demolitions vs 2 for Monarchs .
Shots for this period are 14 for Demolitions vs 11 for Monarchs .
2nd period
0:01 of 2nd period - T.J. Hensick wins face-off versus Jordan Nolan in neutral zone.
0:10 of 2nd period - Wrist shot by T.J. Hensick.
0:10 of 2nd period - Shot Misses the Net.
0:26 of 2nd period - Anton Babchuk is hit by Zack Kassian and loses puck.
0:58 of 2nd period - Snap shot by Brandon Dubinsky.
0:58 of 2nd period - Shot Misses the Net.
1:10 of 2nd period - Peter Harrold is hit by Marc Methot.
1:34 of 2nd period - Wrist shot by Jay Beagle.
1:34 of 2nd period - Stopped by Chad Johnson with a rebound.
1:36 of 2nd period - Slapshot by Jay Beagle.
1:36 of 2nd period - Shot Misses the Net.
2:12 of 2nd period - Jordan LaVallee is hit by Jeff Petry and loses puck.
2:17 of 2nd period - Slapshot by Richard Park.
2:17 of 2nd period - Shot Misses the Net.
2:19 of 2nd period - Wrist shot by Brandon Dubinsky.
2:19 of 2nd period - Stopped by Chad Johnson without a rebound.
2:20 of 2nd period - T.J. Hensick wins face-off versus Jordan Nolan in Demolitions zone.
2:57 of 2nd period - Petr Vrana is hit by Zack Kassian and loses puck.
3:14 of 2nd period - Slapshot by Samuel Pahlsson.
3:14 of 2nd period - Stopped by Richard Bachman with a rebound.
3:44 of 2nd period - Spencer Machacek is hit by Matt Martin and loses puck.
4:05 of 2nd period - Snap shot by Richard Park.
4:05 of 2nd period - Shot Misses the Net.
4:07 of 2nd period - Snap shot by Oliver Ekman-Larsson.
4:07 of 2nd period - Stopped by Chad Johnson with a rebound.
4:09 of 2nd period - Snap shot by Richard Park.
4:09 of 2nd period - Shot Blocked by Anthony Stewart.
4:25 of 2nd period - Seth Helgeson is hit by Tyler Kennedy and loses puck.
5:05 of 2nd period - Slapshot by Richard Park.
5:05 of 2nd period - Goal by Richard Park - Demolitions : 3 - Monarchs : 3.
5:06 of 2nd period - T.J. Hensick wins face-off versus Jordan Nolan in neutral zone.
5:38 of 2nd period - Snap shot by Richard Park.
5:38 of 2nd period - Stopped by Chad Johnson without a rebound.
5:39 of 2nd period - Samuel Pahlsson wins face-off versus Brandon Dubinsky in Demolitions zone.
5:48 of 2nd period - Wrist shot by Brad Richardson.
5:48 of 2nd period - Stopped by Richard Bachman with a rebound.
6:35 of 2nd period - Anssi Salmela is hit by Oliver Ekman-Larsson and loses puck.
7:21 of 2nd period - Icing by Anthony Stewart.
7:22 of 2nd period - T.J. Hensick wins face-off versus Jordan Nolan in Demolitions zone.
7:45 of 2nd period - Icing by Anton Babchuk.
7:46 of 2nd period - Samuel Pahlsson wins face-off versus Brandon Dubinsky in Demolitions zone.
7:57 of 2nd period - Snap shot by Brandon Dubinsky.
7:57 of 2nd period - Stopped by Chad Johnson without a rebound.
7:58 of 2nd period - Jordan Nolan wins face-off versus T.J. Hensick in Demolitions zone.
8:30 of 2nd period - Snap shot by Brock Trotter.
8:30 of 2nd period - Deflect By Brandon Dubinsky.
8:30 of 2nd period - Stopped by Chad Johnson with a rebound.
8:32 of 2nd period - Wrist shot by Richard Park.
8:32 of 2nd period - Stopped by Chad Johnson with a rebound.
8:34 of 2nd period - Snap shot by Brock Trotter.
8:34 of 2nd period - Shot Blocked by Peter Harrold.
8:36 of 2nd period - Snap shot by Brock Trotter.
8:36 of 2nd period - Stopped by Chad Johnson with a rebound.
8:38 of 2nd period - Slapshot by Oliver Ekman-Larsson.
8:38 of 2nd period - Deflect By Jordan LaVallee.
8:38 of 2nd period - Stopped by Chad Johnson with a rebound.
9:50 of 2nd period - Petr Vrana is hit by Marc Methot and loses puck.
10:45 of 2nd period - Snap shot by Tyler Kennedy.
10:45 of 2nd period - Shot Misses the Net.
12:00 of 2nd period - Spencer Machacek is hit by Marc Methot and loses puck.
12:09 of 2nd period - Snap shot by Tyler Kennedy.
12:09 of 2nd period - Stopped by Chad Johnson with a rebound.
12:43 of 2nd period - Darren Helm is hit by Brock Trotter and loses puck.
12:58 of 2nd period - Oliver Ekman-Larsson is hit by Doug Janik.
13:11 of 2nd period - Jordan LaVallee is hit by Marc Methot and loses puck.
13:52 of 2nd period - Snap shot by Nicolas Blanchard.
13:52 of 2nd period - Stopped by Richard Bachman with a rebound.
13:54 of 2nd period - Slapshot by Anssi Salmela.
13:54 of 2nd period - Shot Misses the Net.
13:56 of 2nd period - Snap shot by Nicolas Blanchard.
13:56 of 2nd period - Stopped by Richard Bachman without a rebound.
13:57 of 2nd period - Samuel Pahlsson wins face-off versus Jordan Nolan in Monarchs zone.
14:03 of 2nd period - Snap shot by Jordan LaVallee.
14:03 of 2nd period - Stopped by Richard Bachman with a rebound.
14:05 of 2nd period - Wrist shot by Jordan LaVallee.
14:05 of 2nd period - Stopped by Richard Bachman without a rebound.
14:06 of 2nd period - Samuel Pahlsson wins face-off versus Jordan Nolan in Monarchs zone.
14:25 of 2nd period - Snap shot by Brad Richardson.
14:25 of 2nd period - Stopped by Richard Bachman without a rebound.
14:26 of 2nd period - Brandon Dubinsky wins face-off versus T.J. Hensick in Monarchs zone.
15:25 of 2nd period - Snap shot by Zack Kassian.
15:25 of 2nd period - Deflect By Boyd Gordon.
15:25 of 2nd period - Shot Misses the Net.
15:25 of 2nd period - Puck is out of play.
15:26 of 2nd period - Brandon Dubinsky wins face-off versus T.J. Hensick in Demolitions zone.
15:35 of 2nd period - Slapshot by Anthony Stewart.
15:35 of 2nd period - Shot Blocked by Oliver Ekman-Larsson.
15:37 of 2nd period - Wrist shot by Anthony Stewart.
15:37 of 2nd period - Stopped by Richard Bachman without a rebound.
15:38 of 2nd period - Jordan Nolan wins face-off versus T.J. Hensick in Monarchs zone.
15:38 of 2nd period - Jordan Nolan is hit by T.J. Hensick.
15:52 of 2nd period - Snap shot by Peter Schaefer.
15:52 of 2nd period - Shot Hit the Post.
16:00 of 2nd period - Minor Penalty to Anthony Stewart for Tripping.
16:01 of 2nd period - Brandon Dubinsky wins face-off versus Konstantin Pushkarev in Demolitions zone.
17:26 of 2nd period - Darren Helm is hit by Jordan Nolan and loses puck.
17:41 of 2nd period - Anssi Salmela is hit by Andrew MacDonald and loses puck.
18:00 of 2nd period - Penalty to Anthony Stewart is over, Anthony Stewart is back on ice.
18:09 of 2nd period - Slapshot by T.J. Hensick.
18:09 of 2nd period - Stopped by Richard Bachman with a rebound.
18:11 of 2nd period - Slapshot by T.J. Hensick.
18:11 of 2nd period - Stopped by Richard Bachman without a rebound.
18:12 of 2nd period - T.J. Hensick wins face-off versus Zac Rinaldo in Monarchs zone.
18:28 of 2nd period - Off-side.
18:29 of 2nd period - Darren Helm wins face-off versus Boyd Gordon in neutral zone.
18:36 of 2nd period - Wrist shot by Petr Vrana.
18:36 of 2nd period - Stopped by Richard Bachman with a rebound.
19:01 of 2nd period - Wrist shot by Brad Richardson.
19:01 of 2nd period - Stopped by Richard Bachman without a rebound.
19:02 of 2nd period - Samuel Pahlsson wins face-off versus Brandon Dubinsky in Monarchs zone.
19:08 of 2nd period - Richard Park is hit by Anton Babchuk and loses puck.
19:25 of 2nd period - Richard Park is hit by Doug Janik and loses puck.
19:45 of 2nd period - Minor Penalty to Anton Babchuk for Holding.
19:46 of 2nd period - Anthony Stewart wins face-off versus Zack Kassian in Demolitions zone.
19:51 of 2nd period - Slapshot by Peter Schaefer.
19:51 of 2nd period - Stopped by Chad Johnson without a rebound.
19:52 of 2nd period - Brandon Dubinsky wins face-off versus Anthony Stewart in Demolitions zone.
Goals for this period are 0 for Demolitions vs 1 for Monarchs .
Shots for this period are 12 for Demolitions vs 12 for Monarchs .
3rd period
0:01 of 3rd period - Brandon Dubinsky wins face-off versus Anthony Stewart in neutral zone.
0:16 of 3rd period - Brad Richardson is hit by Zack Kassian and loses puck.
0:39 of 3rd period - Slapshot by Andrew MacDonald.
0:39 of 3rd period - Shot Misses the Net.
0:41 of 3rd period - Snap shot by Tyler Kennedy.
0:41 of 3rd period - Stopped by Chad Johnson with a rebound.
0:43 of 3rd period - Slapshot by Oliver Ekman-Larsson.
0:43 of 3rd period - Stopped by Chad Johnson without a rebound.
0:44 of 3rd period - Jordan Nolan wins face-off versus Brad Richardson in Demolitions zone.
1:45 of 3rd period - Penalty to Anton Babchuk is over, Anton Babchuk is back on ice.
2:46 of 3rd period - Petr Vrana is hit by Zack Kassian and loses puck.
3:20 of 3rd period - Jordan Nolan is hit by Bobby Butler.
3:48 of 3rd period - Slapshot by Peter Harrold.
3:48 of 3rd period - Shot Blocked by Marc Methot.
4:43 of 3rd period - Snap shot by Jordan Nolan.
4:43 of 3rd period - Deflect By Tyler Kennedy.
4:43 of 3rd period - Shot Hit the Post.
4:43 of 3rd period - Puck is out of play.
4:44 of 3rd period - Samuel Pahlsson wins face-off versus Jordan Nolan in Demolitions zone.
5:07 of 3rd period - Snap shot by Richard Park.
5:07 of 3rd period - Shot Blocked by Anton Babchuk.
5:09 of 3rd period - Wrist shot by Brock Trotter.
5:09 of 3rd period - Goal by Brock Trotter - Demolitions : 3 - Monarchs : 4.
5:10 of 3rd period - Jordan Nolan wins face-off versus T.J. Hensick in neutral zone.
5:21 of 3rd period - Oliver Ekman-Larsson is hit by Doug Janik.
5:45 of 3rd period - Icing by Richard Park.
5:46 of 3rd period - T.J. Hensick wins face-off versus Brandon Dubinsky in Monarchs zone.
5:55 of 3rd period - Bobby Butler is hit by Richard Park and loses puck.
6:16 of 3rd period - Brad Richardson is hit by Andrew MacDonald.
6:19 of 3rd period - Doug Janik is hit by Andrew MacDonald.
6:22 of 3rd period - Icing by Andrew MacDonald.
6:23 of 3rd period - T.J. Hensick wins face-off versus Brandon Dubinsky in Monarchs zone.
6:30 of 3rd period - Richard Park is hit by Anthony Stewart and loses puck.
6:37 of 3rd period - Snap shot by T.J. Hensick.
6:37 of 3rd period - Shot Misses the Net.
6:39 of 3rd period - Wrist shot by T.J. Hensick.
6:39 of 3rd period - Stopped by Richard Bachman with a rebound.
6:59 of 3rd period - Wrist shot by Darren Helm.
6:59 of 3rd period - Stopped by Richard Bachman with a rebound.
7:36 of 3rd period - Minor Penalty to Nicolas Blanchard for High sticking.
7:37 of 3rd period - Brandon Dubinsky wins face-off versus Anthony Stewart in Demolitions zone.
7:37 of 3rd period - Wrist shot by Peter Schaefer.
7:37 of 3rd period - Shot Misses the Net.
7:49 of 3rd period - Snap shot by Anthony Stewart.
7:49 of 3rd period - Shot Blocked by Marc Methot.
8:03 of 3rd period - Doug Janik is hit by Jordan Nolan and loses puck.
8:14 of 3rd period - Backhand shot by Travis Hamonic.
8:14 of 3rd period - Stopped by Chad Johnson without a rebound.
8:15 of 3rd period - Brandon Dubinsky wins face-off versus T.J. Hensick in Demolitions zone.
9:36 of 3rd period - Penalty to Nicolas Blanchard is over, Nicolas Blanchard is back on ice.
9:43 of 3rd period - Off-side.
9:44 of 3rd period - Zac Rinaldo wins face-off versus Darren Helm in neutral zone.
9:47 of 3rd period - Snap shot by Jay Beagle.
9:47 of 3rd period - Shot Misses the Net.
9:59 of 3rd period - Snap shot by Petr Vrana.
9:59 of 3rd period - Stopped by Richard Bachman without a rebound.
10:00 of 3rd period - T.J. Hensick wins face-off versus Jordan Nolan in Monarchs zone.
10:11 of 3rd period - Doug Janik is hit by Travis Hamonic and loses puck.
10:22 of 3rd period - Minor Penalty to Anthony Stewart for Holding.
10:23 of 3rd period - Konstantin Pushkarev wins face-off versus Brandon Dubinsky in Demolitions zone.
10:23 of 3rd period - Konstantin Pushkarev is hit by Oliver Ekman-Larsson.
11:45 of 3rd period - Slapshot by Peter Harrold.
11:45 of 3rd period - Shot Misses the Net.
11:51 of 3rd period - Slapshot by Peter Harrold.
11:51 of 3rd period - Deflect By Travis Hamonic.
11:51 of 3rd period - Stopped by Richard Bachman without a rebound.
11:52 of 3rd period - Corban Knight wins face-off versus Jordan Nolan in Monarchs zone.
12:22 of 3rd period - Penalty to Anthony Stewart is over, Anthony Stewart is back on ice.
12:41 of 3rd period - Snap shot by Jordan LaVallee.
12:41 of 3rd period - Stopped by Richard Bachman with a rebound.
12:43 of 3rd period - Wrist shot by Jordan LaVallee.
12:43 of 3rd period - Stopped by Richard Bachman without a rebound.
12:44 of 3rd period - Darren Helm wins face-off versus Brandon Dubinsky in Monarchs zone.
12:49 of 3rd period - Snap shot by Konstantin Pushkarev.
12:49 of 3rd period - Deflect By Darren Helm.
12:49 of 3rd period - Shot Blocked by Marc Methot.
12:49 of 3rd period - Puck is out of play.
12:50 of 3rd period - Brandon Dubinsky wins face-off versus Darren Helm in Monarchs zone.
13:10 of 3rd period - Icing by Anssi Salmela.
13:11 of 3rd period - T.J. Hensick wins face-off versus Jordan Nolan in Demolitions zone.
13:21 of 3rd period - Snap shot by T.J. Hensick.
13:21 of 3rd period - Stopped by Richard Bachman with a rebound.
13:23 of 3rd period - Slapshot by Bobby Butler.
13:23 of 3rd period - Deflect By T.J. Hensick.
13:23 of 3rd period - Shot Misses the Net.
13:23 of 3rd period - Puck is out of play.
13:24 of 3rd period - Jordan Nolan wins face-off versus T.J. Hensick in Monarchs zone.
13:24 of 3rd period - Jordan Nolan is hit by Bobby Butler.
13:38 of 3rd period - Doug Janik is hit by Peter Schaefer.
14:07 of 3rd period - Minor Penalty to Oliver Ekman-Larsson for Holding.
14:08 of 3rd period - Boyd Gordon wins face-off versus T.J. Hensick in Monarchs zone.
14:37 of 3rd period - Slapshot by Jordan LaVallee.
14:37 of 3rd period - Shot Misses the Net.
14:39 of 3rd period - Wrist shot by Samuel Pahlsson.
14:39 of 3rd period - Shot Misses the Net.
14:43 of 3rd period - Wrist shot by Jordan LaVallee.
14:43 of 3rd period - Shot Misses the Net.
16:07 of 3rd period - Penalty to Oliver Ekman-Larsson is over, Oliver Ekman-Larsson is back on ice.
16:22 of 3rd period - Snap shot by Petr Vrana.
16:22 of 3rd period - Stopped by Richard Bachman with a rebound.
16:30 of 3rd period - Nicolas Blanchard is hit by Peter Schaefer and loses puck.
17:24 of 3rd period - Minor Penalty to Chris Wideman for Tripping.
17:25 of 3rd period - Anthony Stewart wins face-off versus Jordan Nolan in Demolitions zone.
17:25 of 3rd period - Anthony Stewart is hit by Brock Trotter.
17:56 of 3rd period - Snap shot by Peter Schaefer.
17:56 of 3rd period - Stopped by Chad Johnson with a rebound.
19:07 of 3rd period - Zack Kassian is hit by Samuel Pahlsson and loses puck.
19:24 of 3rd period - Penalty to Chris Wideman is over, Chris Wideman is back on ice.
19:31 of 3rd period - Icing by Jeff Petry.
19:32 of 3rd period - T.J. Hensick wins face-off versus Jordan Nolan in Monarchs zone.
19:33 of 3rd period - Demolitions, Chad Johnson is pulled from the net.
19:42 of 3rd period - Minor Penalty to Seth Helgeson for Goalie Interference.
19:43 of 3rd period - Chad Johnson from Demolitions was sent back in the game.
19:43 of 3rd period - Anthony Stewart wins face-off versus Jordan Nolan in Demolitions zone.
Goals for this period are 0 for Demolitions vs 1 for Monarchs .
Shots for this period are 8 for Demolitions vs 5 for Monarchs .
Output by the SimonT Hockey Simulator (STHS) for François Prévost -- Original Page W3C XHTML 1.0 Valid